Map: Big Game Hunters (No-Unit-Limit) Full Custom

Players

homtaStic - Winner!

  • Race: Zerg Zerg
  • League: Platinum
  • Spawn Location: 11:00

osman-2

  • Race: Terran Terran
  • Spawn Location: 6:00

osman-3

  • Race: Zerg Zerg
  • Spawn Location: 7:00

osman-4

  • Race: Protoss Protoss
  • Spawn Location: 5:00

osman-5

  • Race: Terran Terran
  • Spawn Location: 3:00

osman-6

  • Race: Zerg Zerg
  • Spawn Location: 9:00

osman-7

  • Race: Protoss Protoss
  • Spawn Location: 1:00

osman-8

  • Race: Protoss Protoss
  • Spawn Location: 12:00

VOD

Have the link to the VOD?

Description

Time

  • Played on: May 30, 2019, 9:03 a.m.
  • Length: 49:50
Show
View Real Time Build Order
Export as new Build Order

homtaStic Zerg - Winner!

Build Orders: Pool First, Archon Immortal, Roach Nydus 

Get SALT Encoding   

    0:01  Drone x2  
    0:08  Drone x2  
    0:18  Drone x2  
    0:20  Drone x2  
    0:23  Drone x2  
    0:36  Drone x2  
    0:47  Spawning Pool, Drone x2  
    0:53  Extractor  
    0:56  Drone x2  
    1:06  Drone x2  
    1:16  Hatchery  
    1:20  Drone x2  
    1:28  Drone x2  
    1:33  Queen x2  
    1:38  Drone x2  
    1:51  Hatchery  
    1:58  Roach Warren  
    2:03  Drone x2  
    2:04  Extractor  
    2:05  Drone x2  
    2:10  Drone x2  
    2:17  Lair  
    2:23  Drone x2  
    2:29  Queen x2, Drone x2  
    2:32  Drone x2  
    2:40  Roach x2  
    2:43  Roach x2  
    2:46  Roach x6  
    2:51  Roach x2  
    2:59  Roach x2  
    3:01  Roach x6  
    3:08  Queen x2  
    3:10  Roach x4  
    3:14  Extractor  
    3:17  Drone x6  
    3:20  Roach x4  
    3:23  Drone x2  
    3:29  Drone x8  
    3:31  Zerg Missile Weapons Level 1  
    3:39  Drone x10  
    3:43  Glial Reconstitution  
    3:51  Roach x2, Zerg Ground Armor Level 1  
    3:52  Roach x4, Drone x4  
    3:58  Overlord x2  
    4:01  Evolution Chamber  
    4:03  Drone x8  
    4:04  Metabolic Boost  
    4:05  Extractor  
    4:06  Evolution Chamber  
    4:19  Spore Crawler, Pneumatized Carapace  
    4:21  Zergling x16  
    4:22  Zergling x20  
    4:27  Zerg Melee Weapons Level 1  
    4:31  Hatchery  
    4:36  Zerg Ground Armor Level 2, Nydus Network  
    4:41  Overlord x2  
    4:43  Roach x4  
    4:44  Drone x4  
    4:45  Drone x6  
    4:46  Zergling x12  
    4:55  Drone x2  
    4:56  Drone x2  
    5:01  Hatchery  
    5:09  Hydralisk Den  
    5:10  Drone x4  
    5:12  Nydus Canal  
    5:14  Hatchery  
    5:18  Roach x2, Zergling x32  
    5:28  Roach x8, Zergling x16  
    5:31  Infestation Pit  
    5:32  Drone x2  
    5:34  Roach x2  
    5:52  Nydus Canal  
    5:53  Roach x2, Zergling x4  
    5:54  Zergling x36  
    5:55  Zerg Ground Armor Level 3  
    5:56  Roach x2  
    5:57  Roach x4  
    6:05  Zerg Missile Weapons Level 2  
    6:08  Hatchery  
    6:11  Roach x2, Zergling x12  
    6:15  Overseer x2  
    6:16  Roach x4, Zergling x4  
    6:17  Queen x4  
    6:31  Roach x8  
    6:32  Roach x14, Zergling x16  
    6:34  Queen x2  
    6:36  Queen x2  
    6:47  Nydus Canal  
    6:50  Roach x2  
    6:51  Roach x6, Zergling x28  
    7:01  Roach x4  
    7:02  Roach x6  
    7:04  Spore Crawler  
    7:13  Zergling x64  
    7:14  Roach x4  
    7:16  Nydus Canal  
    7:20  Zerg Missile Weapons Level 3  
    7:25  Zergling x12  
    7:26  Zergling x28  
    7:43  Roach x12, Zergling x24  
    7:46  Roach x2  
    7:47  Roach x4, Zergling x8  
    7:58  Roach x2  
    8:02  Roach x2  
    8:03  Zergling x32  
    8:13  Nydus Canal  
    8:17  Roach x8  
    8:18  Zergling x44  
    8:23  Hydralisk x2  
    8:25  Queen x2  
    8:28  Nydus Canal  
    8:36  Roach x10  
    8:53  Hydralisk x8  
    8:54  Zergling x28  
    9:03  Roach x2, Zergling x4  
    9:04  Zergling x48  
    9:06  Hydralisk x4  
    9:13  Roach x8  
    9:14  Overlord x2  
    9:24  Zerg Melee Weapons Level 2  
    9:33  Roach x2  
    9:34  Roach x16, Zergling x12  
    9:36  Zergling x40  
    9:49  Roach x6  
    9:50  Zergling x32  
    10:03  Roach x20  
    10:07  Zergling x8  
    10:08  Zergling x8  
    10:11  Queen x6  
    10:16  Hydralisk x2  
    10:17  Hydralisk x4  
    10:18  Zergling x8  
    10:33  Drone x10  
    10:34  Drone x8  
    10:36  Roach x14  
    10:41  Overlord x2  
    10:48  Zergling x36  
    10:49  Zergling x4, Hydralisk x2  
    10:50  Zerg Melee Weapons Level 3  
    11:05  Hydralisk x8  
    11:06  Zergling x40  
    11:07  Zergling x12  
    11:11  Roach x2  
    11:19  Roach x12  
    11:25  Hydralisk x2  
    11:26  Roach x2, Zergling x8  
    11:29  Roach x2, Zergling x4  
    11:30  Zergling x32  
    11:35  Zergling x20  
    11:50  Roach x6, Zergling x4, Hydralisk x2  
    11:51  Zergling x48  
    12:17  Roach x6, Zergling x4  
    12:18  Roach x2, Zergling x67  
    12:19  Zergling  
    12:22  Hive  
    12:36  Hydralisk x2  
    12:37  Roach x2  
    12:46  Muscular Augments  
    12:47  Zergling x12  
    12:48  Zergling x4  
    13:04  Roach x8, Zergling x4  
    13:05  Zergling x52  
    13:06  Zergling x4  
    13:19  Zergling x4, Hydralisk x10  
    13:20  Zergling x16  
    13:35  Overlord x2  
    13:38  Roach x2  
    13:39  Roach x18, Zergling x16  
    13:45  Hatchery  
    13:52  Hydralisk x6  
    13:53  Zergling x16  
    13:54  Roach x2  
    14:00  Roach x2  
    14:01  Roach x4, Zergling x32  
    14:02  Zergling x8  
    14:10  Unknown  
    14:23  Nydus Canal  
    14:27  Zergling x40  
    14:28  Zergling x56  
    14:32  Queen x4  
    14:33  Roach x2  
    14:43  Hydralisk x6  
    14:44  Zergling x24  
    14:49  Roach x2  
    14:50  Queen x2  
    15:00  Drone x2  
    15:05  Hatchery  
    15:07  Queen x2, Roach x2  
    15:08  Roach x10, Hatchery  
    15:10  Hatchery  
    15:12  Roach x6  
    15:15  Roach x2  
    15:17  Zergling x8, Hydralisk x2  
    15:18  Zergling x4  
    15:24  Roach x4, Zergling x4  
    15:25  Zergling x20  
    15:30  Roach x4, Zergling x4  
    15:31  Zergling x8  
    15:42  Drone x6  
    16:19  Drone x2  
    16:26  Extractor x3  
    16:27  Extractor  
    16:29  Spawning Pool  
    16:36  Spawning Pool  
    16:38  Drone x6  
    16:39  Extractor  
    16:40  Drone x6, Extractor  
    16:41  Extractor  
    16:42  Hatchery  
    16:45  Hatchery  
    16:47  Hatchery  
    16:52  Drone x12  
    16:59  Drone x4  
    17:00  Drone x2  
    17:01  Drone x2  
    17:06  Drone x4  
    17:07  Drone x6  
    17:11  Evolution Chamber  
    17:12  Evolution Chamber  
    17:17  Hatchery  
    17:25  Zergling x4  
    17:26  Lair, Hatchery  
    17:28  Zergling x4  
    17:29  Zergling x16  
    17:31  Roach Warren  
    17:34  Drone x6  
    17:36  Lair  
    17:42  Evolution Chamber x2  
    17:43  Baneling Nest  
    17:44  Drone x2  
    17:47  Roach Warren  
    17:52  Hatchery  
    17:58  Hatchery  
    18:01  Zergling x36  
    18:16  Roach x2  
    18:17  Roach x2  
    18:30  Nydus Network  
    18:36  Hydralisk Den  
    18:38  Spire  
    18:42  Infestation Pit  
    18:44  Drone x2  
    18:47  Evolution Chamber  
    18:52  Zergling x4  
    18:58  Drone x2  
    19:02  Spawning Pool  
    19:04  Hydralisk Den  
    19:08  Hydralisk x4  
    19:09  Hydralisk x16  
    19:10  Zergling x16, Extractor  
    19:19  Hatchery  
    19:20  Drone x4  
    19:22  Hatchery  
    19:24  Extractor  
    19:25  Extractor x2  
    19:26  Extractor  
    19:41  Hydralisk x6  
    19:49  Unknown x2  
    19:50  Roach Warren  
    19:57  Nydus Canal  
    19:58  Drone x10  
    20:05  Zergling x48  
    20:06  Zergling x4  
    20:12  Swarm Host x2  
    20:13  Mutalisk x2  
    20:15  Corruptor x2  
    20:21  Queen x4  
    20:32  Grooved Spines  
    20:35  Drone x6  
    20:36  Baneling Nest, Drone x10  
    20:37  Drone x4  
    20:41  Nydus Canal  
    20:48  Hatchery  
    20:50  Hive  
    20:59  Corruptor x2  
    21:00  Corruptor x6  
    21:01  Hatchery  
    21:04  Hatchery  
    21:08  Drone x4  
    21:11  Drone x6  
    21:17  Corruptor x6  
    21:18  Zergling x56  
    21:19  Zergling x4  
    21:28  Roach x2  
    21:29  Corruptor x4  
    21:40  Roach x2  
    21:44  Corruptor x6  
    21:45  Zergling x40  
    21:46  Zergling x8  
    21:57  Nydus Canal  
    22:14  Roach x2  
    22:15  Roach x14, Zergling x4, Hatchery  
    22:17  Hatchery  
    22:23  Drone x4, Hatchery  
    22:26  Drone x18  
    22:32  Greater Spire  
    22:38  Drone x4  
    22:39  Queen x2, Drone x4  
    22:44  Drone x2  
    22:45  Drone x6  
    22:52  Extractor  
    22:53  Extractor x2  
    22:58  Centrifical Hooks  
    23:06  Roach x4, Zergling x32  
    23:07  Zergling x40  
    23:08  Ultralisk Cavern  
    23:13  Roach x2, Zergling x4  
    23:14  Zergling x8  
    23:15  Burrow  
    23:19  Zergling x4  
    23:20  Zergling x12  
    23:28  Roach x2  
    23:29  Roach x2  
    23:30  Roach x6  
    23:43  Drone x22  
    23:44  Lair  
    23:46  Drone x24  
    23:47  Lair  
    23:57  Ultralisk Cavern  
    24:00  Drone x10  
    24:07  Extractor  
    24:15  Ultralisk x8  
    24:16  Unknown  
    24:17  Unknown  
    24:24  Brood Lord x3  
    24:31  Hydralisk x6  
    24:32  Zergling x44  
    24:38  Spawning Pool  
    24:42  Lurker Den  
    24:46  Drone x2, Roach Warren  
    24:47  Baneling Nest, Drone x4, Evolution Chamber  
    24:49  Queen x8, Evolution Chamber  
    24:51  Queen x2  
    24:54  Drone x6  
    24:57  Hatchery  
    25:01  Drone x18  
    25:05  Spire  
    25:06  Infestation Pit  
    25:09  Spire  
    25:11  Zergling x8  
    25:18  Nydus Network  
    25:24  Queen x4, Nydus Network  
    25:30  Queen x4  
    25:32  Ultralisk x2, Zergling x4  
    25:33  Zergling x76  
    25:46  Hive  
    25:47  Hive  
    25:50  Roach x2  
    25:52  Zergling x44  
    25:53  Zergling x4  
    26:03  Ultralisk x2  
    26:04  Zergling x4  
    26:05  Zergling x4  
    26:06  Zergling x36  
    26:12  Ultralisk x2  
    26:14  Ultralisk x2, Zergling x36  
    26:20  Overlord x2  
    26:22  Zergling x4  
    26:23  Zergling x24  
    26:34  Hatchery  
    26:37  Hatchery  
    26:41  Hatchery  
    26:45  Hatchery  
    26:46  Ultralisk x2  
    26:47  Ultralisk x4  
    26:51  Zergling x4  
    26:52  Queen x3, Zergling x24  
    27:10  Ultralisk x4, Zergling x4  
    27:24  Zergling x56  
    27:39  Ultralisk x2, Zergling x28  
    27:40  Zergling x12  
    27:46  Ultralisk x2, Zergling x16  
    27:49  Hatchery  
    27:53  Hatchery x2  
    27:54  Hatchery x2  
    27:55  Hatchery  
    27:56  Hatchery  
    27:57  Hatchery  
    27:58  Hatchery  
    28:00  Hatchery  
    28:01  Hatchery  
    28:02  Ultralisk x2  
    28:03  Ultralisk x2, Zergling x32  
    28:04  Hatchery  
    28:07  Greater Spire  
    28:09  Queen x6  
    28:10  Queen x6  
    28:12  Zergling x20  
    28:13  Zergling x20  
    28:25  Hatchery  
    28:30  Hatchery  
    28:31  Hatchery x3  
    28:32  Hatchery  
    28:42  Evolution Chamber  
    28:43  Evolution Chamber  
    28:48  Corruptor x2, Evolution Chamber  
    28:50  Ultralisk Cavern  
    28:52  Nydus Network  
    28:55  Nydus Canal  
    29:01  Extractor x3  
    29:03  Extractor  
    29:06  Corruptor x2  
    29:08  Zergling x72  
    29:13  Drone x8  
    29:14  Drone x2, Spine Crawler  
    29:16  Lair  
    29:17  Spine Crawler, Extractor x3  
    29:18  Extractor  
    29:20  Spine Crawler  
    29:30  Corruptor x4  
    29:47  Drone x6  
    29:48  Drone x30  
    29:52  Corruptor x2  
    29:53  Corruptor x4  
    29:59  Queen x4  
    30:11  Drone x4, Ultralisk Cavern  
    30:12  Drone x8, Spire  
    30:19  Adrenal Glands  
    30:33  Corruptor x2  
    30:34  Ultralisk x2, Corruptor x2  
    30:35  Ultralisk x2  
    30:48  Corruptor x8  
    30:51  Queen x6  
    30:55  Queen x4  
    31:04  Anabolic Synthesis  
    31:10  Evolution Chamber x2  
    31:11  Evolution Chamber  
    31:16  Infestation Pit  
    31:17  Hydralisk Den  
    31:19  Overlord x2, Baneling Nest, Ultralisk x6  
    31:20  Overlord x4, Zergling x60  
    31:21  Zergling x68  
    31:28  Nydus Canal  
    31:38  Ultralisk x4, Corruptor x4  
    31:39  Overlord x2, Zergling x20  
    31:47  Overlord x2  
    31:48  Overlord x4  
    31:50  Hatchery  
    31:51  Hatchery  
    31:56  Zerg Flyer Weapons Level 1  
    32:03  Ultralisk x2  
    32:04  Zergling x16  
    32:09  Ultralisk x2, Zergling x44  
    32:11  Brood Lord  
    32:17  Zergling x4  
    32:18  Zergling x64  
    32:23  Ultralisk x2, Zergling x8  
    32:24  Zergling x4  
    32:25  Zergling x92  
    32:29  Baneling x10  
    32:31  Ultralisk x4  
    32:32  Zergling x4  
    32:34  Brood Lord  
    32:35  Brood Lord  
    32:45  Brood Lord x2  
    32:51  Chitinous Plating  
    32:53  Queen x16  
    32:54  Queen x10  
    32:55  Overlord x2, Queen x4  
    32:56  Ultralisk x2, Zergling x4  
    32:57  Zergling x12  
    32:58  Zergling x16  
    33:04  Ultralisk x2, Zergling x64  
    33:05  Zergling x72  
    33:12  Drone x4  
    33:22  Nydus Network  
    33:23  Baneling Nest  
    33:26  Roach Warren  
    33:27  Ultralisk x6, Zergling x8  
    33:28  Zergling x16  
    33:29  Zergling x100  
    33:30  Zergling x52  
    33:37  Unknown  
    33:44  Ultralisk x4, Zergling x4  
    33:45  Zergling x48  
    33:56  Pathogen Glands  
    33:57  Unknown  
    34:01  Ultralisk x2, Zergling x4  
    34:13  Nydus Network  
    34:25  Corruptor x12  
    34:26  Corruptor x2  
    34:28  Zergling x96  
    34:29  Zergling x68  
    34:41  Drone x12  
    34:45  Extractor x3  
    34:46  Extractor  
    34:47  Baneling  
    34:48  Baneling x9  
    34:50  Brood Lord x8  
    34:52  Neural Parasite  
    34:57  Unknown  
    34:58  Ultralisk x2, Zergling x4  
    34:59  Zergling x56  
    35:11  Nydus Network  
    35:13  Ultralisk x2, Zergling x12, Lurker Den  
    35:14  Zergling x84  
    35:15  Zergling x72  
    35:22  Nydus Canal x3  
    35:25  Ultralisk x2, Zergling x4  
    35:26  Zergling x44  
    35:29  Drone x2  
    35:30  Drone x10  
    35:41  Baneling x6  
    35:42  Baneling x27  
    35:43  Baneling x7  
    35:46  Zerg Flyer Weapons Level 2  
    35:51  Spire  
    35:57  Nydus Canal x3  
    35:58  Unknown  
    36:18  Ultralisk x2  
    36:25  Brood Lord x3  
Show
View Real Time Build Order
Export as new Build Order

osman-2 Terran 

Build Orders:  

Get SALT Encoding   

    0:01  SCV x2  
    0:17  Supply Depot  
    0:19  SCV x2  
    0:37  Barracks, SCV x2  
    0:49  SCV x2  
    1:08  Supply Depot  
    1:11  Refinery  
    1:21  SCV x2  
    1:24  Marine x2  
    1:34  Orbital Command  
    1:39  Barracks  
    1:42  Marine x2  
    1:43  Refinery  
    1:45  Supply Depot  
    1:59  SCV x2  
    2:24  Command Center  
    2:27  Marine x2  
    2:41  SCV x2  
    2:42  Factory  
    2:44  Marine x2  
    2:49  Marine x2  
    2:53  SCV x2  
    3:05  SCV x2  
    3:09  Barracks Tech Lab, Barracks  
    3:13  Barracks Tech Lab  
    3:17  SCV x2  
    3:29  SCV x2  
    3:32  Starport  
    3:33  Factory Tech Lab, Marine x2  
    3:35  SCV x2  
    3:38  Stimpack  
    3:50  Supply Depot, Orbital Command  
    3:52  Refinery  
    3:53  Combat Shield  
    3:55  Refinery  
    3:57  SCV x2  
    4:00  Marine x4  
    4:09  SCV x2  
    4:10  Supply Depot  
    4:14  Medivac x2  
    4:15  SCV x2  
    4:27  Supply Depot  
    4:30  Siege Tank x2, SCV x2, Marine x2  
    4:36  Supply Depot  
    4:42  Engineering Bay  
    4:47  Engineering Bay  
    4:49  Marauder x2  
    4:50  Marine x2  
    4:51  SCV x2  
    4:59  SCV x2  
    5:00  Supply Depot  
    5:02  Medivac x2  
    5:10  SCV x2, Marauder x2  
    5:11  SCV x2, Concussive Shells  
    5:16  Marauder x2  
    5:21  Marine x2  
    5:22  SCV x2  
    5:23  SCV x2  
    5:30  Hellion x2  
    5:31  Marauder x2  
    5:34  SCV x2  
    5:35  SCV x2  
    5:37  Marauder x2  
    5:46  SCV x2  
    5:50  Barracks Reactor  
    5:52  Hellion x2  
    5:53  Marauder x2  
    5:59  Marauder x2  
    6:13  Armory, Viking x2, Hellion x2  
    6:14  Marauder x2  
    6:20  Marauder x2  
    6:25  Barracks  
    6:28  Armory  
    6:34  Hellion x2  
    6:36  Marauder x2  
    6:37  Missile Turret  
    6:44  Starport Reactor  
    6:55  Marine x2  
    6:56  Hellion x2  
    7:04  Marine x2  
    7:05  Factory  
    7:09  Terran Infantry Weapons Level 1  
    7:11  Marine x2  
    7:13  Terran Infantry Armor Level 1  
    7:16  Marine x2  
    7:17  Marine x2, Hellion x2  
    7:25  Viking x2  
    7:39  Hellion x2  
    7:50  Hellion x2  
    7:56  Marine x2  
    7:58  Marine x2  
    7:59  Marine x2  
    8:00  Hellion x2  
    8:01  Missile Turret  
    8:07  Viking x2  
    8:11  Hellion x2  
    8:14  Starport  
    8:18  Marine x2  
    8:22  Marine x2  
    8:25  Marine x2  
    8:28  Marine x2  
    8:31  Marine x2  
    8:36  Marine x2  
    8:37  Factory Tech Lab  
    8:40  Liberator x2  
    8:51  Missile Turret  
    8:55  Viking x2  
    8:59  Marauder x2  
    9:01  Hellion x2  
    9:02  Ghost Academy, SCV x2, Starport Tech Lab  
    9:03  SCV x2  
    9:11  Hellion x2  
    9:15  SCV x2  
    9:23  Raven x2  
    9:25  Medivac x2  
    9:27  SCV x2  
    9:34  Barracks Tech Lab, Marauder x2  
    9:37  Hellion x2  
    9:39  SCV x2, Hellion x2  
    9:45  Marine x2  
    9:46  Marine x2  
    9:47  Marine x2  
    9:51  SCV x2  
    9:55  Marauder x2  
    9:56  Ghost x2  
    10:03  Terran Infantry Weapons Level 2  
    10:04  SCV x2  
    10:06  Viking x2  
    10:11  Hellion x2  
    10:16  SCV x2  
    10:28  SCV x2  
    10:36  Barracks  
    10:37  Medivac x2  
    10:40  SCV x2  
    10:52  SCV x2, Engineering Bay  
    11:01  Factory  
    11:04  SCV x2  
    11:13  Marauder x2  
    11:16  SCV x2  
    11:26  Terran Vehicle Weapons Level 1  
    11:28  SCV x2  
    11:40  SCV x2, Engineering Bay  
    11:41  Barracks Tech Lab  
    11:45  Siege Tank x2  
    11:47  Armory  
    11:52  SCV x2  
    12:05  SCV x2  
    12:17  SCV x2, Hellion x2  
    12:20  Factory  
    12:29  SCV x2  
    12:38  Siege Tank x2  
    12:41  SCV x2  
    12:53  SCV x2  
    13:04  Hellion x2  
    13:05  SCV x2  
    13:11  Hellion x2  
    13:17  SCV x2  
    13:18  Armory  
    13:25  Factory Tech Lab  
    13:29  SCV x2  
    13:41  SCV x2  
    13:55  SCV x2  
    14:08  SCV x2  
    14:20  SCV x2  
Show
View Real Time Build Order
Export as new Build Order

osman-3 Zerg 

Build Orders: 1 Base Baneling Bust, Pool First 

Get SALT Encoding   

    0:01  Drone x2  
    0:08  Drone x2  
    0:32  Spawning Pool  
    0:33  Drone x2  
    0:52  Overlord x2  
    0:54  Drone x2  
    0:57  Extractor  
    1:08  Drone x2  
    1:16  Drone x2  
    1:19  Zergling x4  
    1:22  Queen x2  
    1:27  Drone x2  
    1:37  Zergling x4  
    1:49  Drone x2  
    1:50  Roach Warren  
    1:52  Extractor  
    1:59  Drone x2  
    2:06  Zerg Missile Weapons Level 1  
    2:10  Drone x2  
    2:12  Zerg Ground Armor Level 1  
    2:18  Overlord x2  
    2:25  Lair  
    2:28  Drone x2  
    2:31  Roach x2  
    2:32  Roach x2  
    2:35  Drone x2  
    2:39  Metabolic Boost  
    2:45  Zergling x4  
    2:47  Extractor  
    2:49  Evolution Chamber  
    2:57  Drone x6  
    2:58  Evolution Chamber  
    3:08  Drone x2  
    3:10  Overlord x2  
    3:26  Hydralisk Den  
    3:27  Roach x2  
    3:40  Overlord x2  
    3:48  Zerg Melee Weapons Level 1  
    3:53  Overlord x2  
    3:54  Roach x2, Hydralisk x2  
    3:55  Roach x2  
    3:56  Roach x2  
    3:57  Hydralisk x2  
    4:16  Hydralisk x2  
    4:20  Zerg Missile Weapons Level 2  
    4:23  Zerg Melee Weapons Level 2, Drone x2  
    4:24  Drone x2, Hydralisk x2  
    4:29  Drone x2  
    4:39  Drone x2  
    4:40  Zerg Ground Armor Level 2  
    4:50  Drone x2  
    4:51  Extractor  
    4:52  Drone x2  
    4:54  Drone x2  
    4:55  Infestation Pit  
    5:02  Drone x2  
    5:06  Ravager  
    5:07  Ravager  
    5:08  Evolution Chamber  
    5:09  Overseer  
    5:13  Drone x2  
    5:16  Zerg Missile Weapons Level 3  
    5:19  Baneling Nest, Drone x2  
    5:20  Drone x2  
    5:21  Drone x2  
    5:26  Drone x2  
    5:28  Zerg Ground Armor Level 3  
    5:33  Infestor x2  
    5:38  Drone x2  
    5:39  Hatchery  
    5:47  Drone x2  
    5:50  Roach x2  
    5:52  Roach x2  
    5:53  Roach x2  
    6:00  Roach x2  
    6:04  Baneling  
    6:06  Baneling  
    6:07  Baneling  
    6:08  Baneling  
    6:09  Baneling  
    6:11  Baneling  
    6:12  Baneling  
    6:13  Baneling  
    6:15  Baneling  
    6:16  Baneling  
    6:17  Zergling x4  
    6:18  Roach x2  
    6:19  Centrifical Hooks  
    6:21  Infestor x2  
    6:27  Baneling  
    6:30  Baneling  
    6:31  Spine Crawler  
    6:32  Pathogen Glands  
    6:33  Drone x2  
    6:35  Baneling  
    6:38  Zergling x4  
    6:39  Baneling  
    6:41  Baneling  
    6:42  Baneling  
    6:52  Queen x2  
    6:57  Baneling  
    6:58  Zergling x4  
    7:06  Zergling x4  
    7:07  Zergling x4  
    7:24  Hatchery  
    7:25  Zergling x4  
    7:37  Baneling  
    7:38  Baneling  
    7:40  Baneling  
    7:41  Hydralisk x2  
    7:42  Spine Crawler  
    7:43  Baneling  
    7:44  Baneling  
    7:46  Drone x2  
    7:48  Drone x2  
    7:50  Baneling  
    7:51  Drone x2  
    7:54  Drone x2  
    7:55  Drone x2  
    7:58  Drone x2  
    8:00  Baneling  
    8:01  Drone x2  
    8:02  Drone x2  
    8:03  Baneling  
    8:04  Drone x2  
    8:05  Drone x2  
    8:07  Drone x2  
    8:09  Drone x2  
    8:11  Drone x2  
    8:12  Baneling  
    8:13  Baneling  
    8:15  Baneling  
    8:16  Baneling  
    8:18  Zergling x4  
    8:23  Drone x2  
    8:24  Drone x2  
    8:25  Roach Warren  
    8:30  Drone x2  
    9:36  Hatchery  
    10:48  Drone x2  
    10:59  Drone x2  
    11:10  Drone x2  
Show
View Real Time Build Order
Export as new Build Order

osman-4 Protoss 

Build Orders: Archon Immortal, Colossus Rush 

Get SALT Encoding   

    0:01  Probe x2  
    0:17  Probe x2  
    0:18  Pylon  
    0:33  Probe x2  
    0:36  Gateway  
    0:44  Probe x2  
    0:55  Probe x2  
    1:03  Pylon  
    1:16  Assimilator  
    1:25  Zealot x2  
    1:26  Cybernetics Core  
    1:48  Probe x2  
    1:54  Pylon  
    1:59  Probe x2, Gateway  
    2:02  Assimilator  
    2:07  Probe x2  
    2:11  Warp Gate, Pylon  
    2:15  Probe x2  
    2:24  Adept x2  
    2:25  Probe x2  
    2:37  Probe x2  
    2:46  Stalker x2  
    2:47  Assimilator  
    2:49  Probe x2  
    2:55  Robotics Facility  
    2:56  Assimilator  
    2:57  Adept x2  
    3:00  Probe x2  
    3:08  Probe x2  
    3:16  Adept x2, Probe x2  
    3:18  Pylon  
    3:25  Probe x2  
    3:38  Pylon  
    3:42  Probe x2  
    3:43  Stalker x2  
    3:44  Observer x2  
    3:51  Pylon  
    3:53  Robotics Facility  
    3:55  Robotics Bay  
    4:08  Zealot  
    4:11  Pylon  
    4:20  Zealot  
    4:23  Zealot  
    4:24  Pylon  
    4:36  Colossus x2  
    4:38  Gateway  
    4:42  Colossus x2  
    4:45  Stalker  
    4:46  Extended Thermal Lance  
    4:51  Pylon  
    4:53  Stargate  
    4:54  Probe x2  
    4:57  Stalker  
    4:59  Stalker  
    5:14  Forge  
    5:20  Stalker  
    5:22  Forge  
    5:23  Stalker, Disruptor x2  
    5:32  Sentry  
    5:33  Probe x2  
    5:34  Sentry  
    5:37  Zealot  
    5:38  Zealot  
    5:40  Zealot  
    5:45  Probe x2, Zealot  
    5:46  Twilight Council  
    5:55  Zealot  
    5:58  Probe x2, Zealot  
    6:02  Zealot  
    6:03  Zealot  
    6:05  Zealot  
    6:09  Zealot  
    6:10  Probe x2  
    6:13  Zealot  
    6:14  Zealot  
    6:20  Zealot  
    6:22  Probe x2, Zealot  
    6:23  Zealot  
    6:25  Immortal x2  
    6:30  Immortal x2  
    6:34  Probe x2, Protoss Ground Weapons Level 1, Templar Archives  
    6:46  Probe x2  
    7:01  Immortal x2  
    7:02  Stalker x2  
    7:04  Stalker, Immortal x2  
    7:13  High Templar  
    7:15  High Templar  
    7:36  Immortal x2  
    7:42  Sentry  
    7:44  Immortal x2  
    7:46  Gateway  
    7:55  Photon Cannon  
    7:56  Zealot  
    7:57  Zealot  
    7:58  Zealot  
    8:01  Zealot  
    8:02  Zealot  
    8:03  Zealot  
    8:04  Zealot  
    8:12  Protoss Ground Armor Level 1  
    8:14  Zealot  
    8:15  Zealot  
    8:16  Immortal x2  
    8:17  Zealot  
    8:23  Immortal x2  
    8:33  Stalker, Photon Cannon  
    8:34  Stalker  
    8:39  Sentry  
    8:41  Forge  
    8:47  Sentry  
    8:50  Gateway, Protoss Ground Weapons Level 2  
    8:55  Observer x2  
    9:02  Warp Prism x2  
    9:06  Robotics Facility, Archon  
    9:08  High Templar  
    9:15  High Templar  
    9:16  Immortal x2  
    9:17  Stalker, Photon Cannon  
    9:18  Charge  
    9:22  Archon  
    9:24  Psionic Storm  
    9:27  High Templar  
    9:35  High Templar  
    9:51  Stalker, Gateway, Protoss Ground Armor Level 2  
    9:52  Sentry  
    9:54  Archon  
    9:57  High Templar  
    10:04  High Templar  
    10:20  High Templar  
    10:27  High Templar  
    10:29  Stalker, Archon  
    10:37  High Templar  
    10:42  High Templar  
    10:43  Protoss Ground Weapons Level 3  
    10:46  Stalker  
    10:48  Stalker, Gravitic Boosters  
    10:52  Stalker  
    10:53  Stalker, Blink  
    10:55  Stalker  
    10:57  Stalker  
    10:59  Stalker  
    11:04  Sentry  
    11:18  Sentry  
    11:24  Sentry  
    11:27  Zealot  
    11:29  Zealot  
    11:30  Zealot  
    11:31  Sentry  
    11:36  Gravitic Drive, Protoss Ground Armor Level 3  
    11:39  Colossus x2  
    11:40  Stalker  
    11:41  High Templar  
    11:45  Stalker  
    11:51  High Templar  
    11:54  Stalker  
    11:56  Stalker x2  
    11:57  Adept, Stalker  
    11:58  Adept  
    11:59  Adept x2  
    12:00  Adept x2  
    12:02  Archon  
    12:04  Adept  
    12:07  High Templar  
    12:08  Archon  
    12:25  High Templar  
    12:33  High Templar  
    12:36  Zealot x2  
    12:37  Zealot x2  
    12:39  High Templar  
    12:40  Adept  
    12:42  Adept  
    12:47  Resonating Glaives  
    13:01  Protoss Shields Level 1  
    13:42  Colossus  
    13:44  Colossus  
    14:25  Protoss Shields Level 2  
    14:51  Probe x2  
    15:02  Protoss Shields Level 3  
    15:04  Probe x2  
    15:07  Stalker  
    15:08  Zealot  
    15:09  Zealot x2  
    15:11  Zealot  
    15:12  Zealot  
    15:13  Stalker  
    15:14  High Templar  
    15:15  High Templar  
    15:16  Probe x2, Stalker x2  
    15:17  Stalker  
    15:25  Stalker, Zealot  
    15:27  Stalker x2, Photon Cannon  
    15:28  Stalker x2, Probe x2  
    15:32  Adept, Stalker  
    15:36  Zealot x2  
    15:40  Probe x2  
    15:44  Zealot x2  
    15:45  Zealot x2  
    15:46  Adept, Observer x2  
    15:48  Probe x2  
    15:52  Zealot  
    15:55  High Templar  
    15:56  Probe x2  
    16:01  Photon Cannon  
    16:04  Probe x2  
    16:16  Probe x2  
    16:28  Probe x2  
    16:40  Probe x2  
    16:52  Probe x2  
    17:05  Probe x2  
    17:17  Probe x2  
    17:29  Probe x2  
    17:41  Probe x2  
    17:51  Probe x2  
    17:59  Probe x2  
    18:07  Probe x2  
    18:17  Probe x2  
    18:29  Probe x2  
    18:41  Probe x2  
    18:53  Probe x2  
    19:01  Probe x2  
    19:09  Probe x2  
    19:18  Probe x2  
    19:30  Probe x2  
    19:42  Probe x2  
    19:54  Probe x2  
    20:02  Probe x2  
    21:00  Zealot  
    21:01  Zealot x2  
    21:02  Zealot x2  
    21:19  Colossus x3  
    21:20  Colossus  
    22:17  Colossus  
    22:18  Colossus x2  
    24:56  Colossus  
    25:51  Zealot x3  
    25:52  Zealot x2  
    25:53  Stalker x2  
    25:54  Stalker x2  
    25:57  Stalker  
    25:58  Stalker x2  
    26:02  Stalker, Sentry  
    26:03  Stalker, Sentry  
    26:08  Stalker  
    26:09  Stalker  
    26:12  Stalker x2  
    26:14  Adept x2  
    26:15  Stalker  
    26:43  Zealot x3  
    26:48  Zealot  
    27:03  High Templar x2  
    27:04  High Templar  
    27:05  High Templar  
    27:06  High Templar  
    27:07  High Templar  
    27:08  High Templar, Sentry  
    27:09  High Templar, Sentry  
    27:10  Gateway, High Templar  
    27:11  High Templar  
    27:12  Archon  
    27:25  Stalker  
    27:26  Stalker  
    27:27  High Templar x2  
    27:28  Zealot  
    27:29  Zealot  
    27:31  Zealot  
    27:32  Zealot  
    27:34  Zealot  
    27:35  Zealot  
    27:39  Zealot  
    27:46  Stalker  
    28:01  Zealot  
    29:37  Zealot x2  
    29:38  Zealot x2  
    29:39  Zealot  
    29:40  Immortal x2  
    29:46  Immortal x2  
    29:48  Immortal x2  
    29:51  Zealot  
    30:14  Immortal x2  
    30:42  Stalker  
    30:43  Adept, Stalker  
    30:46  Stalker, Sentry  
    30:48  Stalker  
    30:49  Stalker  
    30:50  Stalker x2  
    30:51  Stalker  
    30:52  High Templar, Sentry  
    30:53  Stalker, Sentry  
    30:59  Adept  
    31:00  High Templar  
    31:01  Adept, Stalker  
    31:04  Zealot  
    31:05  Sentry  
    31:07  Adept  
    31:08  Stalker  
    31:09  Stalker  
    31:10  Adept  
    31:11  Sentry  
    31:12  Sentry  
    31:14  Zealot  
    31:15  Adept, Zealot  
    31:16  High Templar  
    31:20  Stalker, High Templar  
    31:21  Zealot x2  
    31:24  Adept x2  
    31:25  Adept x2  
    31:28  High Templar  
    31:29  High Templar x2  
    31:30  Sentry  
    31:31  Stalker, Zealot  
    31:36  Stalker  
    31:37  Stalker x2  
    31:38  Sentry  
    31:39  Stalker  
    31:40  Zealot  
    31:49  Zealot  
    31:50  Zealot x2  
    31:51  Zealot  
    31:55  Stalker  
    31:56  Zealot x2  
    31:57  Zealot, Sentry  
    31:58  Zealot  
    31:59  Zealot x2  
    32:00  Zealot  
    32:01  Warp Prism x2, Zealot  
    32:05  Stalker, Sentry  
    32:06  Sentry x2  
    32:12  Adept, Stalker  
    32:13  Stalker x2  
    32:14  Adept, Stalker  
    32:15  Stalker, High Templar  
    32:16  Zealot, High Templar  
    32:19  Immortal x2  
    32:20  Stalker, High Templar  
    32:23  Adept  
    32:24  Adept  
    32:27  Archon  
    32:28  Immortal x2  
    32:31  Adept x2, Zealot  
    32:33  Stalker, High Templar  
    32:34  Stalker, High Templar  
    32:35  Stalker, High Templar  
    32:36  Adept, High Templar  
    32:37  Adept, Immortal x2, Archon  
    32:39  High Templar  
    32:40  High Templar  
    32:43  Archon  
    32:47  High Templar  
    32:48  High Templar  
    32:50  Archon  
    32:51  High Templar, Zealot  
    32:52  Zealot  
    32:53  Zealot  
    32:54  Zealot x2  
    32:55  High Templar  
    32:56  Sentry  
    33:01  Adept, Sentry  
    33:07  Stalker  
    33:08  Stalker, Zealot  
    33:09  Stalker  
    33:10  Adept, Sentry  
    33:16  Stalker  
    33:21  Adept, Stalker  
    33:22  High Templar  
    33:23  Adept, High Templar  
    33:24  Adept x2  
    33:26  Stalker  
    33:27  Stalker  
    33:32  Zealot  
    33:34  Zealot  
    33:39  Zealot  
    33:42  Zealot x2  
    33:43  Zealot x2  
    33:44  Zealot  
    33:45  Immortal x2  
    33:46  Stalker, High Templar  
    33:47  Stalker  
    33:48  Stalker, Zealot  
    33:49  Zealot  
    33:50  Immortal x2  
    33:51  Stalker, Zealot  
    33:52  Immortal x2  
    33:55  Zealot  
    33:56  Sentry  
    33:58  High Templar, Sentry  
    34:00  Zealot  
    34:01  Zealot  
    34:04  High Templar  
    34:05  Zealot  
    34:07  Stalker, High Templar  
    34:08  Sentry  
    34:09  Sentry  
    34:10  Adept x2  
    34:11  High Templar  
    34:12  Zealot  
    34:16  Zealot  
    34:17  Zealot  
    34:21  Immortal x2  
    34:24  Immortal x2  
    34:26  Zealot x2  
    34:27  Zealot x3  
    34:28  Zealot  
    34:32  Stalker x2, Immortal x2  
    34:33  High Templar  
    34:34  Zealot  
    34:36  Stalker x2  
    34:40  Stalker, Zealot  
    34:42  Zealot x2  
    34:43  Zealot x2  
    34:44  Sentry x2  
    34:48  Archon  
    34:49  Archon  
    34:50  Zealot  
    34:51  Stalker  
    34:54  Adept  
    34:55  Adept  
    34:56  Sentry  
    34:57  Sentry  
    34:58  Stalker x2  
    34:59  Stalker x2  
    35:00  Immortal x2  
    35:02  Sentry x2  
    35:03  High Templar  
    35:04  Stalker, Immortal x2  
    35:07  Stalker x2  
    35:08  Archon  
    35:10  High Templar x2  
    35:14  High Templar  
    35:15  High Templar  
    35:17  Archon, High Templar  
    35:18  Stalker x3  
    35:20  Stalker, Archon  
    35:21  Adept, Stalker  
    35:22  Stalker, Fleet Beacon  
    35:26  Adept x2  
    35:37  Adept, Stalker  
    35:38  Adept x2, Stalker  
    35:39  Stalker  
    35:40  Adept x2, Stalker  
    35:41  Adept x2  
    35:42  Adept  
    35:46  High Templar  
    35:47  High Templar  
    35:48  High Templar x2  
    35:53  Immortal x2, Zealot  
    35:54  Immortal x2  
    35:55  Zealot, High Templar  
    35:57  Zealot, High Templar  
    35:58  Zealot  
    35:59  Zealot, High Templar x2  
    36:00  Zealot  
    36:09  Zealot x2  
    36:12  Probe x2  
    36:15  Stalker  
    36:16  Adept, Pylon, High Templar, Sentry  
    36:17  Sentry x2  
    36:22  Pylon  
    36:24  Probe x2  
Show
View Real Time Build Order
Export as new Build Order

osman-5 Terran 

Build Orders:  

Get SALT Encoding   

    0:01  SCV x2  
    0:15  Supply Depot  
    0:19  SCV x2  
    0:28  Refinery  
    0:43  Barracks, SCV x2  
    0:53  Refinery  
    0:55  SCV x2  
    1:32  Orbital Command, Supply Depot, Marine x2  
    1:57  SCV x2  
    2:06  Supply Depot  
    2:09  SCV x2  
    2:25  Factory  
    2:39  Marine x2  
    2:47  Supply Depot  
    2:48  SCV x2  
    2:57  Marine x2  
    3:00  SCV x2  
    3:15  Starport  
    3:21  Starport  
    3:37  SCV x2  
    3:38  Supply Depot  
    3:46  Marine x2  
    3:47  Supply Depot  
    3:54  Starport Tech Lab  
    3:58  Starport Tech Lab  
    4:03  Marine x2  
    4:05  Barracks  
    4:13  Cloaking Field, Medivac x2  
    4:17  Banshee x2  
    4:21  Barracks Tech Lab  
    4:30  Supply Depot  
    4:40  Marine x2  
    4:42  SCV x2  
    4:43  Refinery  
    4:45  Engineering Bay  
    4:46  Refinery  
    4:50  Engineering Bay  
    4:52  Barracks Tech Lab  
    4:54  SCV x2  
    4:57  Marine x2  
    5:06  SCV x2  
    5:11  Marauder x2  
    5:16  Barracks, Marauder x2  
    5:17  Hellion x2  
    5:18  SCV x2  
    5:30  SCV x2  
    5:31  Marine x2  
    5:37  Marine x2  
    5:38  Hellion x2  
    5:42  SCV x2  
    5:50  Marauder x2  
    5:54  SCV x2, Marine x2  
    6:00  Hellion x2  
    6:02  Marine x2  
    6:11  Marine x2  
    6:12  Marine x2  
    6:13  SCV x2  
    6:15  Armory  
    6:21  Hellion x2  
    6:22  Armory  
    6:23  Barracks Reactor  
    6:25  Medivac x2, SCV x2  
    6:29  Marauder x2  
    6:31  Marauder x2  
    6:37  SCV x2  
    6:42  Hellion x2  
    6:49  SCV x2  
    6:50  Marauder x2  
    6:52  Marauder x2  
    7:00  Marine x2  
    7:01  SCV x2  
    7:04  Hellion x2  
    7:12  Marauder x2  
    7:13  SCV x2, Marauder x2  
    7:25  SCV x2, Hellion x2  
    7:31  Marine x2  
    7:33  Marauder x2  
    7:38  SCV x2  
    7:44  Viking x2  
    7:47  Hellion x2  
    7:50  SCV x2  
    8:08  Hellion x2  
    8:23  Fusion Core, Marine x2  
    8:26  Marine x2  
    8:29  Hellion x2  
    8:30  Marine x2  
    8:38  Barracks  
    8:43  Raven x2  
    8:47  Marine x2  
    8:52  Marine x2  
    8:55  Marine x2  
    8:57  Missile Turret  
    8:58  Hellion x2  
    8:59  SCV x2  
    9:03  Viking x2  
    9:04  Marine x2  
    9:10  Marine x2  
    9:19  Hellion x2  
    10:17  Fusion Core  
    10:49  Barracks Tech Lab  
    11:14  Marauder x2  
    11:15  Command Center  
    11:35  Marauder x2  
    12:27  SCV x2  
Show
View Real Time Build Order
Export as new Build Order

osman-6 Zerg 

Build Orders: 1 Base Baneling Bust, Pool Only 

Get SALT Encoding   

    0:01  Drone x2  
    0:29  Spawning Pool  
    0:32  Extractor  
    0:33  Drone x2  
    0:39  Drone x2  
    1:15  Overlord x2  
    1:16  Queen x2  
    1:17  Zergling x12  
    1:38  Zergling x4  
    1:49  Zergling x4  
    2:00  Zergling x4  
    2:10  Overlord x2  
    2:11  Zergling x4  
    2:22  Zergling x4  
    2:23  Drone x2  
    2:24  Drone x2  
    2:33  Drone x2  
    2:40  Roach Warren  
    2:49  Extractor  
    2:57  Drone x2  
    3:25  Roach x2  
    3:37  Drone x2  
    3:38  Drone x2  
    3:39  Drone x2, Extractor  
    3:40  Roach x2  
    3:41  Drone x2  
    3:42  Drone x2  
    3:43  Extractor  
    3:49  Drone x2  
    3:50  Drone x2  
    3:51  Drone x2  
    3:54  Drone x2  
    4:11  Zerg Ground Armor Level 1  
    4:12  Lair  
    4:15  Drone x2, Zerg Melee Weapons Level 1  
    4:17  Drone x2  
    4:18  Drone x2  
    4:19  Drone x2  
    4:27  Drone x2  
    4:38  Drone x2  
    4:45  Drone x2  
    4:47  Roach x2  
    4:48  Drone x2  
    4:49  Metabolic Boost  
    4:51  Drone x2  
    4:54  Evolution Chamber  
    4:59  Evolution Chamber  
    5:01  Drone x2  
    5:05  Ravager  
    5:09  Ravager  
    5:12  Drone x2  
    5:13  Hydralisk Den  
    5:15  Drone x2  
    5:16  Drone x2  
    5:18  Roach x2  
    5:23  Baneling Nest  
    5:25  Drone x2  
    5:35  Roach x2  
    5:36  Overseer  
    5:42  Hydralisk x2  
    5:44  Drone x2  
    5:45  Hydralisk x2  
    5:48  Drone x2  
    5:50  Drone x2  
    5:58  Zergling x4  
    6:08  Baneling  
    6:10  Drone x2  
    6:13  Drone x2  
    6:14  Drone x2  
    6:16  Hydralisk x2  
Show
View Real Time Build Order
Export as new Build Order

osman-7 Protoss 

Build Orders:  

Get SALT Encoding   

    0:01  Probe x2  
    0:16  Probe x2  
    0:17  Pylon  
    0:33  Probe x2  
    0:37  Gateway  
    0:44  Assimilator  
    0:53  Probe x2  
    0:57  Pylon  
    1:05  Probe x2  
    1:24  Zealot x2  
    1:28  Cybernetics Core  
    1:30  Gateway  
    1:39  Probe x2  
    1:40  Pylon  
    1:46  Assimilator  
    1:52  Probe x2  
  17  1:54  Warp Gate  
    2:07  Adept x2  
    2:27  Robotics Facility  
    2:28  Adept x2  
    2:29  Probe x2  
    2:36  Pylon  
    2:37  Adept x2  
    2:54  Sentry x2  
    3:08  Pylon  
    3:15  Immortal x2  
    3:18  Zealot x2  
    3:20  Stalker x2  
    3:28  Pylon  
    3:41  Pylon  
    3:53  Adept  
    3:54  Immortal x2  
    3:59  Stalker  
    4:03  Stalker  
    4:15  Pylon  
    4:19  Probe x2  
    4:24  Twilight Council  
    4:31  Probe x2  
    4:43  Probe x2  
    4:48  Assimilator  
    4:55  Probe x2  
    4:59  Gateway  
    5:08  Probe x2, Templar Archives  
    5:09  Zealot  
    5:13  Zealot  
    5:15  Assimilator  
    5:18  Zealot  
    5:20  Probe x2  
    5:23  Stalker  
    5:26  Stalker  
    5:28  Stalker  
    5:32  Probe x2  
    5:34  Stalker  
    5:36  Zealot x2  
    5:38  Zealot  
    5:44  Probe x2  
    5:48  High Templar  
    5:49  Zealot  
    5:54  High Templar  
    5:55  Zealot  
    5:57  Zealot  
    5:58  Probe x2  
    5:59  Zealot  
    6:10  Probe x2  
    6:15  Zealot  
    6:16  Zealot  
    6:18  Zealot  
    6:19  Zealot  
    6:23  Immortal x2  
    6:24  Probe x2  
    6:26  Zealot  
    6:27  Zealot  
    6:29  Zealot  
    6:30  Zealot  
    6:36  Probe x2  
    6:48  Probe x2  
    6:57  Immortal x2  
    7:00  Stalker, Protoss Ground Weapons Level 1, Probe x2  
    7:01  Zealot  
    7:04  Stalker  
    7:06  Adept, Forge  
    7:07  Adept  
    7:09  Stalker  
    7:12  Probe x2, Archon  
    7:19  High Templar  
    7:21  Zealot  
    7:23  Stalker  
    7:25  Probe x2  
    7:26  Zealot  
    7:28  Zealot  
    7:30  Immortal x2, High Templar  
    7:37  Probe x2  
    7:46  Zealot  
    7:49  Probe x2, Zealot  
    7:51  Stalker  
    7:52  Zealot  
    7:54  Adept  
    8:09  Observer x2  
    8:29  Pylon  
    8:43  Pylon  
    9:00  Pylon  
    9:09  Archon  
Show
View Real Time Build Order
Export as new Build Order

osman-8 Protoss 

Build Orders:  

Get SALT Encoding   

    0:01  Probe x2  
    0:17  Probe x2  
    0:20  Pylon  
    0:32  Probe x2  
    0:37  Gateway  
    0:43  Assimilator  
    0:53  Probe x2, Pylon  
    1:03  Probe x2  
    1:26  Zealot x2  
    1:30  Gateway  
    1:34  Cybernetics Core  
    1:36  Probe x2  
    1:38  Pylon  
    1:44  Assimilator  
    1:48  Probe x2  
    1:57  Warp Gate  
    2:11  Adept x2  
    2:26  Robotics Facility  
    2:27  Adept x2  
    2:28  Probe x2  
    2:32  Pylon  
    2:41  Adept x2  
    2:53  Sentry x2  
    3:09  Pylon  
    3:11  Stalker x2  
    3:14  Immortal x2  
    3:18  Zealot x2  
    3:29  Pylon  
    3:37  Pylon  
    3:41  Adept x2  
    3:53  Immortal x2  
    4:00  Stalker  
    4:04  Stalker  
    4:16  Pylon  
    4:20  Probe x2  
    4:24  Twilight Council  
    4:32  Probe x2  
    4:44  Probe x2  
    4:52  Assimilator  
    4:56  Probe x2  
    5:03  Gateway  
    5:05  Templar Archives  
    5:07  Probe x2  
    5:08  Zealot  
    5:13  Zealot  
    5:15  Probe x2  
    5:16  Zealot  
    5:19  Zealot  
    5:23  Probe x2  
    5:25  Zealot  
    5:26  Zealot  
    5:32  Probe x2  
    5:33  Stalker, Zealot  
    5:42  High Templar  
    5:43  Zealot  
    5:44  Probe x2  
    5:53  Zealot  
    5:54  Zealot, Assimilator  
    5:56  Probe x2  
    5:57  Zealot  
    5:58  High Templar  
    6:08  Probe x2  
    6:10  Zealot  
    6:11  Zealot  
    6:12  Zealot  
    6:15  Zealot  
    6:16  Stalker  
    6:17  Zealot  
    6:21  Probe x2  
    6:28  Stalker  
    6:29  Stalker  
    6:30  Zealot  
    7:08  Cybernetics Core  
    7:37  Nexus  
    7:51  Robotics Facility  
    8:01  Archon  
    8:50  Probe x2  
    9:36  Templar Archives  
    9:53  Probe x2  
    10:05  Probe x2  
    10:14  High Templar  
    10:15  High Templar  
    10:19  Probe x2  
    10:21  Archon  
    10:37  Probe x2  
    10:44  High Templar  
    10:45  High Templar  
    10:47  Archon  
Tags
 
Add a new tag
Caveats
  • Supply blocks, unpowered buildings, or Contaminate may cause inaccurate times.
  • Supply counts are checked every 10 seconds.